 Dungeon Crawl Stone Soup version 0.29-a0-520-gc852659d43 (webtiles) character file.

Game seed: 10966587394189129460

211 peuralimu the Digger (level 5, -5/29 HPs)
             Began as a Gargoyle Earth Elementalist on May 31, 2022.
             Killed by divine providence
             ... invoked by an orc priest
              (13 damage)
             ... on level 4 of the Dungeon.
             The game lasted 00:16:37 (4142 turns).

peuralimu the Digger (Gargoyle Earth Elementalist)  Turns: 4142, Time: 00:16:38

Health: -5/29      AC:  6    Str: 11    XL:     5   Next: 88%
Magic:  1/9        EV: 12    Int: 18    God:
Gold:   126        SH:  0    Dex: 10    Spells: 6/10 levels left

rFire   . . .      SeeInvis +   r - +0 flail
rCold   . . .      Faith    .   (no shield)
rNeg    + . .      Spirit   .   b - +0 robe
rPois   ∞          Reflect  .   (no helmet)
rElec   +          Harm     .   (no cloak)
rCorr   .          Rampage  .   (no gloves)
Will    .....                   (no boots)
Stlth   ++........              (no amulet)
HPRegen 0.09/turn               k - ring of see invisible
MPRegen 0.11/turn               (no ring)

@: no status effects
A: sickness immunity, AC +4, negative energy resistance 1, electricity
resistance, torment resistance 1, petrification resistance
a: no special abilities


You were on level 4 of the Dungeon.
You visited 1 branch of the dungeon, and saw 4 of its levels.

You collected 126 gold pieces.

Inventory:

Hand Weapons
 r - a +0 flail (weapon)
Missiles
 a - 40 stones
 d - 5 boomerangs
 i - 12 poisoned darts
 j - 2 datura-tipped darts
 p - a throwing net
Armour
 b - a +0 robe (worn)
Jewellery
 k - a ring of see invisible (left hand)
Scrolls
 f - a scroll of blinking
 m - 2 scrolls of fear
 o - 2 scrolls of identify
Potions
 c - a potion of magic
 e - a potion of might
 g - a potion of lignification {unknown}
 h - a potion of haste {unknown}
 l - a potion of attraction {unknown}
 n - a potion of heal wounds {unknown}
 q - 2 potions of berserk rage {unknown}


   Skills:
 + Level 1.1 Fighting
 - Level 1.3 Long Blades
 * Level 1.0 Maces & Flails
 * Level 0.3 Armour
 - Level 1.8 Dodging
 + Level 3.5 Stealth
 + Level 3.1 Spellcasting
 - Level 0.7 Transmutations
 + Level 5.1 Earth Magic


You had 6 spell levels left.
You knew the following spells:

 Your Spells              Type           Power      Damage    Failure   Level
a - Sandblast             Erth           42%        2d11      1%          1
b - Stone Arrow           Conj/Erth      24%        3d8       17%         3

Your spell library contained the following spells:

 Spells                   Type           Power      Damage    Failure   Level
 Passwall                 Tmut/Erth      10%        N/A       8%          2
 Beastly Appendage        Tmut           10%        N/A       12%         1
 Wereblood                Tmut           5%         N/A       19%         2
 Spider Form              Tmut/Pois      4%         N/A       38%         3
 Petrify                  Tmut/Erth      13%        N/A       43%         4


Dungeon Overview and Level Annotations

Branches:
Dungeon (4/15)
 Temple: D:4-7

Altars:


Innate Abilities, Weirdness & Mutations

You are immune to sickness and miasma.
Your stone body is resilient. (AC +4)
You are immune to poison.
You resist negative energy. (rN+)
You are resistant to electric shocks. (rElec)
You are resistant to unholy torment.
You are immune to petrification.


Message History

Press: ? - help, Q - select action, (/) - cycle Shift-Dir - straight line, f/p - orc
Aim: an orc, wielding a +0 dagger and wearing a +0 chain mail (86% to hit)
The blast of sand hits the orc but does no damage.
The orc hits you with a +0 dagger.
Aiming: Sandblast (safe; 1% risk of failure)
Press: ? - help, Q - select action, (/) - cycle Shift-Dir - straight line, f/p - orc
Aim: an orc, wielding a +0 dagger and wearing a +0 chain mail (86% to hit)
The blast of sand hits the orc but does no damage.
The orc priest miscasts a cantrip.
The orc closely misses you.
Aiming: Sandblast (safe; 1% risk of failure)
Press: ? - help, Q - select action, (/) - cycle Shift-Dir - straight line, f/p - orc
Aim: an orc, wielding a +0 dagger and wearing a +0 chain mail (86% to hit)
The blast of sand hits the orc.
The orc is lightly wounded.
The orc hits you with a +0 dagger.
* * * LOW HITPOINT WARNING * * *
Sorry, you're not good enough to have a special ability.
Aiming: Sandblast (safe; 1% risk of failure)
Press: ? - help, Q - select action, (/) - cycle Shift-Dir - straight line, f/p - orc
Aim: an orc, wielding a +0 dagger and wearing a +0 chain mail (lightly wounded, 86% to hit)
The blast of sand hits the orc.
The orc is moderately wounded.
The orc hits you but does no damage.
Aiming: Sandblast (safe; 1% risk of failure)
Press: ? - help, Q - select action, (/) - cycle Shift-Dir - straight line, f/p - orc
Aim: an orc, wielding a +0 dagger and wearing a +0 chain mail (moderately wounded, 86% to hit)
The blast of sand hits the orc but does no damage.
The orc is moderately wounded.
The orc hits you but does no damage.
Aiming: Sandblast (safe; 1% risk of failure)
Press: ? - help, Q - select action, (/) - cycle Shift-Dir - straight line, f/p - orc
Aim: an orc, wielding a +0 dagger and wearing a +0 chain mail (moderately wounded, 86% to hit)
The blast of sand hits the orc but does no damage.
The orc is moderately wounded.
The orc barely misses you. The orc attacks as you move away!
The orc barely misses you.
The orc priest mumbles some strange prayers to Beogh against you.
Beogh smites you!
You die...

.....####
#.#.....#
#.......(
#....# #....#
.. #.o..# #.#
##)### #..#
#o####..#
#@##...#
###)#..#
#......#
#......#
#......#
#.....)#####
#.........)#
#......###....
#......# ##


You could see an orc priest and an orc.

Vanquished Creatures
  An ice beast (D:3)
  A gnoll (D:2)
  2 adders
  3 worms
  A dart slug (D:2)
  5 orcs
  6 ball pythons
  8 endoplasms
  2 giant cockroaches
  4 goblins
  5 hobgoblins
  3 jackals (D:3)
  4 quokkas
  5 bats
  3 frilled lizards
  5 kobolds
  6 rats
64 creatures vanquished.

Notes
Turn   | Place    | Note
-------+----------+-------------------------------------------
     0 | D:1      | peuralimu the Gargoyle Earth Elementalist began the quest
                  | for the Orb.
     0 | D:1      | Reached XP level 1. HP: 10/10 MP: 3/3
   432 | D:1      | Reached XP level 2. HP: 14/15 MP: 0/5
   700 | D:1      | Reached skill level 4 in Earth Magic
  1211 | D:2      | Found a faded altar of an unknown god.
  1547 | D:2      | Reached XP level 3. HP: 19/19 MP: 4/6
  2388 | D:2      | Reached XP level 4. HP: 15/24 MP: 2/7
  2807 | D:3      | Learned a level 3 spell: Stone Arrow
  2829 | D:3      | Noticed an ice beast
  2861 | D:3      | Killed an ice beast
  2862 | D:3      | Reached skill level 1 in Fighting
  2862 | D:3      | Reached skill level 1 in Long Blades
  2862 | D:3      | Reached skill level 5 in Earth Magic
  2862 | D:3      | Reached XP level 5. HP: 18/29 MP: 0/9
  4129 | D:4      | Reached skill level 1 in Maces & Flails
  4142 | D:4      | Killed from afar by an orc priest

Illustrated notes

Levels and vault maps discovered:
D:1:      dpeg_arrival_court, layout_loops_ring, serial_forest,
          infiniplex_forest_lined_corner, infiniplex_forest_clump_C,
          infiniplex_forest_zigzag_2, infiniplex_forest_straight_1,
          infiniplex_forest_lined_room_2, infiniplex_forest_fountain,
          st_stairs_3, minmay_door_square, serial_bayou_lagoon_a
D:2:      layout_loops_corners, nicolae_ecumenical_pavilion, kennysheep_potato
D:3:      layout_loops_corners
D:4:      layout_rooms, minitemple, mainiacjoe_overflow_alcove_2, uniq_edmund

Skill      XL: |  1  2  3  4  5 |
---------------+----------------+-----
Earth Magic    | 4 5 |  5.1
Stealth        | 3 |  3.5
Fighting       | 1 |  1.1
Long Blades    | 1 |  1.3
Spellcasting   | 3 |  3.1
Maces & Flails | 1 |  1.0
Armour         | |  0.3
Dodging        | |  1.8
Transmutations | |  0.7

Action                   |  1- 3 |  4- 6 || total
-------------------------+-------+-------++-------
Melee: Unarmed           |    46 |       ||    46
       Falchion          |    12 |    19 ||    31
       Flail             |       |    64 ||    64
       Punch             |       |     1 ||     1
 Cast: Sandblast         |    34 |    34 ||    68
       Stone Arrow       |       |     2 ||     2
  Use: Scroll            |     2 |     4 ||     6
 Stab: Sleeping          |     6 |     3 ||     9
Armor: Robe              |    14 |    46 ||    60
Dodge: Dodged            |    47 |    54 ||   101

Table legend: (Time is in decaauts)
 A = Elapsed time spent in this place.
 B = Non-inter-level travel time spent in this place.
 C = Inter-level travel time spent in this place.
 D = Time resting spent in this place.
 E = Time spent auto-exploring this place.
 F = Levels seen in this place.
 G = Mean time per level.
                   A        B        C        D        E       F      G
               +--------+--------+--------+--------+--------+-----+--------+
         Total |   4172 |   4028 |    144 |    808 |   2520 |   4 | 1043.0 |
       Dungeon |   4172 |   4028 |    144 |    808 |   2520 |   4 | 1043.0 |
               +--------+--------+--------+--------+--------+-----+--------+

Top non-repeatable levels by time:
     D:3: 1435 daAuts
     D:2: 1408 daAuts
     D:1: 1230 daAuts
     D:4: 98 daAuts
